 Dungeon Crawl Stone Soup version 0.22-a0-351-g29664b4 (webtiles) character file.

32 b5mith the Skirmisher (level 3, 0/51 HPs)
             Began as a Minotaur Berserker on Apr 12, 2018.
             Was a Follower of Trog.
             Slain by a quokka (4 damage)
             ... on level 2 of the Dungeon.
             The game lasted 00:01:25 (563 turns).

b5mith the Skirmisher (Minotaur Berserker)           Turns: 563, Time: 00:01:25

Health: 0/51       AC:  2    Str: 26    XL:     3   Next: 10%
Magic:  2/2        EV: 12    Int:  4    God:    Trog [*.....]
Gold:   67         SH:  0    Dex: 10    Spells: 2/2 levels left

rFire    . . .     SeeInvis .   a - +0 falchion
rCold    . . .     Gourm    .   (no shield)
rNeg     . . .     Faith    .   b - +0 animal skin
rPois    .         Spirit   .   (helmet restricted)
rElec    .         Reflect  .   (no cloak)
rCorr    .         Harm     .   (no gloves)
MR       .....                  (no boots)
Stlth    ..........             (no amulet)
HPRegen  0.17/turn              (no ring)
MPRegen  0.08/turn              (no ring)

@: berserking, lethally poisoned (0 -> -3), very quick
A: retaliatory headbutt, horns 2
a: Berserk, Renounce Religion


You were on level 2 of the Dungeon.
You worshipped Trog.
Trog was aware of your devotion.
You were not hungry.

You visited 1 branch of the dungeon, and saw 2 of its levels.

You collected 67 gold pieces.

Inventory:

Hand Weapons
 a - a +0 falchion (weapon)
Armour
 b - a +0 animal skin (worn)
 e - a +0 plate armour
   (You found it on level 1 of the Dungeon)
 j - a +0 pair of gloves
   (You found it on level 1 of the Dungeon)
Jewellery
 d - an uncursed amulet of guardian spirit {unknown}
   (You found it on level 1 of the Dungeon)
 h - a +3 amulet of reflection {unknown}
   (You found it on level 1 of the Dungeon)
 n - an uncursed ring of poison resistance {unknown}
   (You found it on level 1 of the Dungeon)
Scrolls
 i - a scroll of remove curse {unknown}
 k - a scroll of fog {unknown}
 l - a scroll of immolation {unknown}
 m - a scroll of teleportation {unknown}
Potions
 g - a potion of agility {unknown}
Comestibles
 c - a ration


   Skills:
 + Level 4.5 Fighting
 + Level 4.4 Long Blades
 - Level 2.4 Armour
 - Level 2.1 Dodging


You had 2 spell levels left.
You didn't know any spells.

Dungeon Overview and Level Annotations

Branches:
Dungeon (1/15)

Altars:


Innate Abilities, Weirdness & Mutations

You reflexively headbutt those who attack you in melee.
You have a pair of horns on your head.


Message History

The shaft crumbles and collapses.
You open the door.
There is an open door here.
Some of the chunks of flesh in your inventory have rotted away.
Found a stone staircase leading up.
An adder comes into view.
A quokka comes into view.
The adder hisses angrily.
You barely miss the adder. Your headbutt misses the adder. The adder bites you.
You slash the adder!
The adder is almost dead.
The adder bites you. x2
You miss the adder.
The adder is almost dead.
The adder bites you.
* * * LOW HITPOINT WARNING * * *
You are too injured to fight recklessly!
You miss the adder. Your headbutt misses the adder.
The adder is severely wounded.
The quokka barely misses you. The adder bites you.
* * * LOW HITPOINT WARNING * * *
You are poisoned.
The adder poisons you! The quokka barely misses you.
All of the chunks of flesh in your inventory have rotted away.
You miss the adder. Your headbutt misses the adder.
The adder is severely wounded.
You feel sick. The adder closely misses you. The adder barely misses you.
The quokka bites you.
* * * LOW HITPOINT WARNING * * *
A red film seems to cover your vision as you go berserk!
You feel yourself moving faster!
You feel mighty!
You feel quite a bit more hungry. The adder bites you.
* * * LOW HITPOINT WARNING * * *
You are lethally poisoned!
The adder poisons you! The quokka closely misses you.
You hit the adder. Your headbutt misses the adder.
The adder is almost dead.
* * * LOW HITPOINT WARNING * * *
You feel sick. The adder barely misses you.
The quokka bites you but does no damage.
You slash the adder!
You kill the adder!
Trog accepts your kill.
You have reached level 3!
Your experience leads to an increase in your attributes!
Your base attributes are Str 21, Int 4, Dex 9.
Increase (S)trength, (I)ntelligence, or (D)exterity?
You feel agile. The quokka bites you.
You die...

....... .......
....... .......
....... .......
##############.......
#............@r<.....
#.###################
#.# #.# ######### #.#
#.......# #.#
#.......##
#.##########........#
#..........'........#
############........#


You could see a quokka.

Vanquished Creatures
  An adder (D:2)
  A dart slug (D:1)
  4 bats (D:1)
  3 giant cockroaches (D:1)
  3 goblins (D:1)
  3 hobgoblins (D:1)
  A kobold (D:1)
  4 rats (D:1)
20 creatures vanquished.

Notes
Turn   | Place    | Note
-------+----------+-------------------------------------------
     0 | D:1      | b5mith the Minotaur Berserker began the quest for the Orb.
     0 | D:1      | Reached XP level 1. HP: 19/19 MP: 0/0
   174 | D:1      | Reached XP level 2. HP: 23/27 MP: 1/1
   521 | D:1      | You fall through a shaft!
   563 | D:2      | Reached XP level 3. HP: 4/34 MP: 2/2
   563 | D:2      | Slain by a quokka

Vault maps used:
D:1:      nicolae_arrival_somewhat_less_tricky_arrival
D:2:      chequers_ecumenical_altar_grove

Skill      XL: |  1 |
---------------+----+-----
Fighting       | 4 |  4.5
Long Blades    | 4 |  4.4
Armour         | |  2.4
Dodging        | |  2.1

Action                   || total
-------------------------++-------
Melee: Falchion          ||    34
       Headbutt          ||     7
Invok: Berserk           ||     1
Armor: Animal skin       ||     6
Dodge: Dodged            ||    18
       Rpst.: Falchion   ||     1

Table legend:
 A = Spawn XP
 B = Non-spawn XP
 C = Spawn XP percentage of total XP
 D = Spawn monster count
 E = Non-spawn monster count
 F = Spawn count percentage of total count
 G = Total turns spent on level
                    A         B        C        D         E        F      G
               +---------+---------+-------+---------+---------+-------+---------
         Total |       0 |      47 |   0.0 |       0 |      20 |   0.0 |   563
               +---------+---------+-------+---------+---------+-------+---------
           D:1 |       0 |      33 |   0.0 |       0 |      19 |   0.0 |   521
           D:2 |       0 |      14 |   0.0 |       0 |       1 |   0.0 |    42
               +---------+---------+-------+---------+---------+-------+---------
